 Dungeon Crawl Stone Soup version 0.22-a0-512-g0943f25 (webtiles) character file.

15451 stealthycow the Basher (level 12, -3/77 HPs)
             Began as a Gargoyle Berserker on June 17, 2018.
             Was a High Priest of Trog.
             Slain by an orc warrior
             ... wielding a +0 halberd
              (9 damage)
             ... on level 12 of the Dungeon on June 18, 2018.
             The game lasted 00:36:57 (13171 turns).

stealthycow the Basher (Gargoyle Berserker)        Turns: 13171, Time: 00:36:58

Health: -3/77      AC: 29    Str: 23    XL:     12   Next: 27%
Magic:  12/12      EV: 14    Int:  9    God:    Trog [*****.]
Gold:   797        SH:  0    Dex: 11    Spells: 11/11 levels left

rFire    . . .     SeeInvis .   L - +0 great mace (protect)
rCold    . . .     Gourm    .   (shield currently unavailable)
rNeg     + . .     Faith    .   y - +0 plate armour
rPois    ∞         Spirit   .   (no helmet)
rElec    +         Reflect  .   k - +0 cloak
rCorr    .         Harm     .   i - +0 pair of gloves
MR       ++...                  n - +0 pair of boots
Stlth    ..........             t - amulet of the acrobat
HPRegen  1.22/turn              A - +4 ring of evasion
MPRegen  0.13/turn              N - +3 ring of protection

@: corroded, protection aura, regenerating
A: negative energy resistance 1, electricity resistance, unbreathing,
petrification resistance, rot immunity, AC +8
a: Berserk, Trog's Hand, Brothers in Arms, Renounce Religion


You were on level 12 of the Dungeon.
You worshipped Trog.
Trog was extremely pleased with you.
You were hungry.

You visited 2 branches of the dungeon, and saw 13 of its levels.

You collected 797 gold pieces.

Inventory:

Hand Weapons
 o - a +0 morningstar
 L - a +0 great mace of protection (weapon)
Missiles
 f - 5 throwing nets (quivered)
Armour
 i - a +0 pair of gloves (worn)
 k - a +0 cloak (worn)
 n - a +0 pair of boots (worn)
 y - a +0 plate armour (worn)
 D - a +0 buckler
Jewellery
 t - an amulet of the acrobat (around neck)
 A - a +4 ring of evasion (left hand)
 H - an uncursed ring of protection from fire
 N - a +3 ring of protection (right hand)
Wands
 r - a wand of enslavement (18)
 w - a wand of digging (24)
 x - a wand of iceblast (9)
 G - a wand of paralysis (8)
 J - a wand of random effects (8)
Scrolls
 e - 5 scrolls of teleportation
 h - 2 scrolls of enchant armour {unknown}
 j - 2 scrolls of random uselessness {unknown}
 l - 2 scrolls of silence {unknown}
 m - 2 scrolls of fear {unknown}
 p - 4 scrolls of amnesia {unknown}
 s - 2 scrolls of noise {unknown}
 u - a scroll of fog {unknown}
 B - a scroll of blinking {unknown}
 C - 2 scrolls of identify
 E - a scroll of acquirement {unknown}
 I - 7 scrolls of remove curse
 O - a scroll of immolation {unknown}
 P - a scroll of magic mapping {unknown}
Potions
 a - 5 potions of curing
 d - 2 potions of brilliance
 g - 2 potions of lignification {unknown}
 q - 2 potions of resistance
 v - 3 potions of might
 z - a potion of flight
 F - a potion of heal wounds
 K - a potion of degeneration {unknown}
 M - 2 potions of haste {unknown}
Comestibles
 b - 5 chunks of flesh
 c - 7 rations


   Skills:
 + Level 10.2 Fighting
 * Level 12.5 Maces & Flails
 + Level 9.9 Armour
 + Level 7.6 Dodging


You had 11 spell levels left.
You didn't know any spells.
Your spell library was empty.

Dungeon Overview and Level Annotations

Branches:
Dungeon (12/15)            Temple (1/1) D:4            Lair (0/6) D:9
    Orc (0/2) D:11

Altars:
Ashenzari
Kikubaaqudgha
Makhleb
Okawaru
Qazlal
Ru
Sif Muna
Uskayaw
Vehumet
Wu Jian
Xom

Shops:
D:4 [   D:5 %

Portals:
Trove: D:11 (give +3 storm dragon scales)


Innate Abilities, Weirdness & Mutations

You are resistant to torment.
Your stone body is resilient. (AC +8)
You are immune to poison.
You resist negative energy. (rN+)
You are resistant to electric shocks. (rElec)
You can survive without breathing.
You are immune to petrification.
You are immune to rotting.


Message History

You hit the orc warrior but do no damage.
The orc warrior hits you with a halberd.
* * * LOW HITPOINT WARNING * * *
You closely miss the orc warrior.
The orc warrior hits you but does no damage.
You barely miss the orc warrior.
The orc warrior hits you with a halberd.
* * * LOW HITPOINT WARNING * * *
You feel much better. The orc warrior completely misses you.
You hit the orc warrior but do no damage.
The orc warrior zaps a wand.
The bolt of acid hits you!
* * * LOW HITPOINT WARNING * * *
You are splashed with acid!
The acid burns!
* * * LOW HITPOINT WARNING * * *
You barely miss the orc warrior.
The orc warrior hits you but does no damage.
You bludgeon the orc warrior!!
The orc warrior is severely wounded.
The orc warrior hits you with a halberd!
You die...

#.# #.##.(# #..###.##
#.# ##.##.## #.###..#
#.# ##..##.# ###.##..##
#.#####..#...# #...##.##
#.##.......### #....>.#
##.##.##..#######..#####
#..##.##.##.......##
..#.........####..#
.##)####.#### ##@##
###.##...# #)o#
.......### #[........
.#..### ...(##o....
#...# #.#.### ....
....... .. .. ...
..#.### ## #.. #. ###.#
..# # ...


You could see an orc warrior.

Vanquished Creatures
  A hydra (D:11)
  A death knight (D:11)
  The ghost of reaverb the Cudgeler, a novice HuCj of Gozag (D:6)
  An ugly thing (D:12)
  Maurice (D:8)
  The ghost of Racyg the Skirmisher, a novice MiMo (D:5)
  A gargoyle (D:12)
  A centaur skeleton (D:7)
  A kobold demonologist (D:11)
  Grinder (D:4)
  2 hornets
  2 hippogriffs
  A shadow (D:11)
  A vampire (D:11)
  A wraith (D:11)
  A spriggan (D:9)
  Sigmund (D:3)
  4 humans (D:9)
  11 yaks
  A hungry ghost (D:11)
  Menkaure (D:5)
  An acid dragon (D:11)
  4 sky beasts
  6 orc warriors
  3 ice beasts
  A black bear (D:11)
  2 phantoms
  5 ogres
  2 eyes of draining
  21 centaurs
  A crocodile (D:12)
  3 big kobolds
  8 bullfrogs
  2 wyvern zombies
  2 scorpions (D:6)
  11 killer bees
  A wyvern skeleton (D:9)
  3 wights (D:7)
  2 howler monkeys
  4 crimson imps
  A quasit (D:7)
  A centaur zombie (D:11)
  3 hounds
  2 jellies
  7 orc priests
  2 bullfrog skeletons
  7 orc wizards
  Terence (D:3)
  6 iguanas
  12 worker ants
  A hound zombie (D:7)
  A hound skeleton (D:11)
  2 howler monkey skeletons
  7 gnolls
  13 adders
  4 shadow imps
  An adder zombie (D:6)
  An adder skeleton (D:5)
  4 worms
  2 dart slugs
  4 leopard geckos
  46 orcs
  4 bats
  4 giant cockroaches
  8 goblins
  5 hobgoblins
  18 jackals
  25 kobolds
  6 quokkas
  2 ball pythons
  4 frilled lizards
  A quokka skeleton (D:8)
  9 rats
332 creatures vanquished.

Vanquished Creatures (others)
  An unseen horror (D:12)
  An orc (D:12)
2 creatures vanquished.

Grand Total: 334 creatures vanquished

Notes
Turn   | Place    | Note
-------+----------+-------------------------------------------
     0 | D:1      | stealthycow the Gargoyle Berserker began the quest for the Orb.
     0 | D:1      | Reached XP level 1. HP: 14/14 MP: 1/1
   375 | D:1      | Reached XP level 2. HP: 19/19 MP: 2/2
   827 | D:2      | HP: 1/28 [adder (3)]
   830 | D:1      | Reached XP level 3. HP: 2/23 MP: 3/3
  1319 | D:2      | Found a stormy altar of Qazlal.
  1406 | D:2      | Reached ** piety under Trog
  1741 | D:3      | Reached XP level 4. HP: 22/29 MP: 4/4
  2138 | D:3      | Reached skill level 4 in Maces & Flails
  2447 | D:3      | Noticed Sigmund
  2480 | D:3      | Killed Sigmund
  2480 | D:3      | Reached XP level 5. HP: 26/34 MP: 5/5
  2480 | D:3      | Reached XP level 6. HP: 30/39 MP: 6/6
  2770 | D:3      | Found a shimmering altar of Xom.
  2918 | D:3      | Noticed Terence
  2929 | D:3      | Killed Terence
  3082 | D:3      | Reached skill level 5 in Maces & Flails
  3166 | D:4      | Found a staircase to the Ecumenical Temple.
  3242 | D:4      | Noticed Grinder
  3260 | D:4      | Killed Grinder
  3260 | D:4      | Reached XP level 7. HP: 44/44 MP: 7/7
  3317 | D:4      | Reached skill level 5 in Fighting
  3503 | D:4      | Reached skill level 6 in Maces & Flails
  3616 | D:4      | Found Gug Gif's Armour Emporium.
  3706 | D:4      | Reached *** piety under Trog
  4032 | Temple   | Entered the Ecumenical Temple
  4074 | D:5      | Entered Level 5 of the Dungeon
  4099 | D:5      | Found a runed door.
  4099 | D:5      | Noticed Racyg's ghost (novice MiMo)
  4111 | D:5      | Killed Racyg's ghost
  4111 | D:5      | Reached skill level 5 in Armour
  4111 | D:5      | Reached XP level 8. HP: 51/51 MP: 8/8
  4366 | D:5      | Found Cule's Food Shop.
  4384 | D:5      | Noticed a hippogriff
  4388 | D:5      | Killed a hippogriff
  4388 | D:5      | Reached skill level 7 in Maces & Flails
  4507 | D:5      | Noticed Menkaure
  4515 | D:5      | Killed Menkaure
  4620 | D:5      | Found a hide-covered altar of Uskayaw.
  5215 | D:6      | Reached XP level 9. HP: 55/55 MP: 9/9
  5490 | D:6      | Found an ancient bone altar of Kikubaaqudgha.
  5504 | D:6      | Found a transporter.
  5504 | D:6      | Noticed reaverb's ghost (novice HuCj)
  5514 | D:6      | Found a transporter.
  5728 | D:6      | Reached skill level 8 in Maces & Flails
  6080 | D:6      | Killed reaverb's ghost
  6090 | D:6      | Reached skill level 5 in Dodging
  6455 | D:7      | Reached skill level 9 in Maces & Flails
  6642 | D:7      | Found a radiant altar of Vehumet.
  6642 | D:7      | Found a sacrificial altar of Ru.
  6682 | D:7      | Reached XP level 10. HP: 63/63 MP: 10/10
  6741 | D:7      | Reached **** piety under Trog
  7731 | D:8      | Noticed Maurice
  7761 | D:8      | Killed Maurice
  7784 | D:8      | Reached skill level 10 in Maces & Flails
  8528 | D:9      | Found a staircase to the Lair.
  8692 | D:9      | Reached ***** piety under Trog
  8847 | D:9      | Reached XP level 11. HP: 68/69 MP: 11/11
  8879 | D:9      | Found a shattered altar of Ashenzari.
  9478 | D:10     | Entered Level 10 of the Dungeon
  9501 | D:10     | Reached skill level 11 in Maces & Flails
  9642 | D:10     | Found a deep blue altar of Sif Muna.
  9768 | D:10     | Received a gift from Trog
 10807 | D:11     | Found a portal to a secret trove of treasure.
 10874 | D:11     | Found a staircase to the Orcish Mines.
 10993 | D:11     | Received a gift from Trog
 11838 | D:11     | Noticed a death knight
 11849 | D:11     | Killed a death knight
 11849 | D:11     | Reached skill level 12 in Maces & Flails
 11951 | D:11     | Noticed a four-headed hydra
 11965 | D:11     | Killed a four-headed hydra
 11965 | D:11     | Reached XP level 12. HP: 77/77 MP: 12/12
 12233 | D:11     | Reached skill level 10 in Fighting
 13165 | D:12     | HP: 2/77 [orc warrior/halberd (4)]
 13171 | D:12     | Slain by an orc warrior

Vault maps used:
D:1:      scummos_arrival_forest
D:2:      lemuel_doored_altar
D:3:      nicolae_overflow_hidden_temple, uniq_terence, uniq_sigmund
D:4:      minmay_temple_entry_junction, serial_shops, nicolae_shop_statue_plus,
          first_ration, uniq_grinder
D:5:      eat_drink_and_be_merry_uskayaw, gammafunk_ghost_grave, serial_shops,
          kennysheep_mini_moat, uniq_menkaure
D:6:      kiku_gazebo_garden_becter, gammafunk_ghost_arena
D:7:      gammafunk_temple_overflow_pools
D:8:      uniq_maurice
D:9:      lair_entry_dummy, basic_altar, grunt_pizzeria, minmay_ruffians
D:10:     basic_altar
D:11:     orc_0_dummy, enter_trove_0, enter_bailey_3
D:12:     portal_ice_cave_entry_ice_beasts, serial_shops, shop
Temple:   eino_temple_rhombus

Skill      XL: |  1  2  3  4  5  6  7  8  9 10 11 12 |
---------------+-------------------------------------+-----
Dodging        | 2 3 4 5 6 7 |  7.6
Maces & Flails | 4 5 6 7 9 10 12 | 12.5
Armour         | 3 4 5 7 8 9 |  9.9
Fighting       | 4 5 6 7 8 9 10 | 10.2

Action                   |  1- 3 |  4- 6 |  7- 9 | 10-12 || total
-------------------------+-------+-------+-------+-------++-------
Melee: Mace              |   117 |    91 |       |       ||   208
       Morningstar       |       |    36 |   397 |    35 ||   468
       Dire flail        |       |       |       |   448 ||   448
       Great mace        |       |       |       |   419 ||   419
Throw: Throwing net      |       |       |       |     1 ||     1
Invok: Berserk           |     2 |     3 |     4 |    11 ||    20
       Trog's Hand       |       |     1 |     3 |     3 ||     7
  Use: Scroll            |       |     3 |     5 |     1 ||     9
       Potion            |       |       |       |     1 ||     1
  Eat: Ration            |     1 |     1 |     1 |     6 ||     9
       Chunk             |       |     6 |    13 |    20 ||    39
Armor: Animal skin       |     5 |       |       |       ||     5
       Ring mail         |    53 |       |       |       ||    53
       Chain mail        |    38 |    81 |   298 |    54 ||   471
       Plate armour      |       |       |       |   447 ||   447
Dodge: Dodged            |   104 |    46 |   261 |   729 ||  1140
Block: Buckler           |       |       |       |     6 ||     6

Table legend:
 A = Spawn XP
 B = Non-spawn XP
 C = Spawn XP percentage of total XP
 D = Spawn monster count
 E = Non-spawn monster count
 F = Spawn count percentage of total count
 G = Total turns spent on level
                    A         B        C        D         E        F      G
               +---------+---------+-------+---------+---------+-------+---------
         Total |       0 |   22074 |   0.0 |       0 |     333 |   0.0 | 13171
               +---------+---------+-------+---------+---------+-------+---------
           D:1 |       0 |      35 |   0.0 |       0 |      13 |   0.0 |  1098
           D:2 |       0 |      40 |   0.0 |       0 |      22 |   0.0 |   593
           D:3 |       0 |     362 |   0.0 |       0 |      30 |   0.0 |  1417
           D:4 |       0 |     679 |   0.0 |       0 |      19 |   0.0 |   964
           D:5 |       0 |    1236 |   0.0 |       0 |      21 |   0.0 |  1115
           D:6 |       0 |    1474 |   0.0 |       0 |      20 |   0.0 |  1152
           D:7 |       0 |    1711 |   0.0 |       0 |      38 |   0.0 |  1243
           D:8 |       0 |    1663 |   0.0 |       0 |      28 |   0.0 |   822
           D:9 |       0 |    2893 |   0.0 |       0 |      33 |   0.0 |  1072
          D:10 |       0 |    2888 |   0.0 |       0 |      44 |   0.0 |  1044
          D:11 |       0 |    6559 |   0.0 |       0 |      54 |   0.0 |  2334
          D:12 |       0 |    2534 |   0.0 |       0 |      11 |   0.0 |   315
               +---------+---------+-------+---------+---------+-------+---------
